 Dungeon Crawl Stone Soup version 0.26-a0-466-g989023bd0d (webtiles) character file.

Game seed: 14036542241288102373

72 graki42 the Firebug (level 4, -8/24 HPs)
             Began as a Deep Elf Fire Elementalist on Aug 9, 2020.
             Killed by nerve-wracking pain
             ... invoked by Grinder
              (14 damage)
             ... on level 3 of the Dungeon.
             The game lasted 00:07:23 (2122 turns).

graki42 the Firebug (Deep Elf Fire Elementalist)    Turns: 2122, Time: 00:07:24

Health: -8/24      AC:  2    Str:  6    XL:     4   Next: 7%
Magic:  20/20      EV: 13    Int: 20    God:
Gold:   144        SH:  4    Dex: 15    Spells: 3/10 levels left

rFire    . . .     SeeInvis .   k - +1 dagger (venom)
rCold    . . .     Faith    .   i - +0 buckler
rNeg     . . .     Spirit   .   a - +0 robe
rPois    .         Reflect  .   (no helmet)
rElec    .         Harm     .   (no cloak)
rCorr    .                      (no gloves)
MR       .....                  (no boots)
Stlth    ++........             (no amulet)
HPRegen  0.08/turn              c - ring of magical power
MPRegen  0.17/turn              (no ring)

@: mighty
A: no striking features
a: no special abilities


You were on level 3 of the Dungeon.
You visited 1 branch of the dungeon, and saw 3 of its levels.

You collected 144 gold pieces.

Inventory:

Hand Weapons
 k - a +1 dagger of venom (weapon)
Armour
 a - a +0 robe (worn)
 i - a +0 buckler (worn)
Jewellery
 c - a ring of magical power (left hand)
Wands
 l - a wand of acid (8)
Scrolls
 b - a scroll of identify
 e - a scroll of enchant weapon {unknown}
 f - 5 scrolls of remove curse {unknown}
 j - a scroll of teleportation {unknown}
 o - a scroll of blinking {unknown}
 p - a scroll of random uselessness {unknown}
Potions
 d - a potion of resistance
 g - a potion of might
 h - a potion of ambrosia
 m - a potion of stabbing
 n - a potion of flight


   Skills:
 - Level 3.0 Dodging
 - Level 3.0 Stealth
 * Level 0.9 Shields
 + Level 3.6 Spellcasting
 + Level 2.0 Conjurations
 + Level 4.0 Fire Magic


You had 3 spell levels left.
You knew the following spells:

 Your Spells              Type           Power        Failure   Level
a - Foxfire               Conj/Fire      ###.         5%          1
b - Conjure Flame         Conj/Fire      ###.....     17%         3
c - Inner Flame           Hex/Fire       ##......     26%         3

Your spell library contained the following spells:

 Spells                   Type           Power        Failure   Level
 Sticky Flame             Conj/Fire      ###.....     50%         4
 Fireball                 Conj/Fire      ###.......   83%         5


Dungeon Overview and Level Annotations

Branches:
Dungeon (3/15)

Altars:
Dithmenos
Makhleb

Annotations:
D:3 Grinder


Message History

Grinder is lightly wounded.
You closely miss Grinder.
Grinder is lightly wounded.
Grinder says, "Mostly I couldn't keep them alive."
You block Grinder's attack.
You hit Grinder.
Grinder looks as sick as possible!
Grinder is moderately wounded.
Grinder gestures at you. You resist with significant effort.
You closely miss Grinder.
Grinder is moderately wounded.
Grinder hits you!
* * * LOW HITPOINT WARNING * * *
You hit Grinder.
Grinder looks as sick as possible!
Grinder is heavily wounded.
Grinder completely misses you. Grinder gestures at you.
Pain shoots through your body!
Ouch! That really hurt!
You die...

###
#####################.#
#.....................#
#.###################.#
#.# #......5.@.......#
#.####.################
#....#§# ####.#..
######.#####.
....†.........
######.#####.# # ..# #
###


You could see Grinder (extremely poisoned).

Vanquished Creatures
  2 adders (D:2)
  An ooze (D:2)
  A worm (D:3)
  A dart slug (D:1)
  A leopard gecko (D:1)
  6 giant cockroaches
  3 hobgoblins
  5 jackals (D:1)
  8 kobolds
  A ball python (D:3)
  6 bats
  2 frilled lizards
  3 goblins
  2 rats (D:1)
42 creatures vanquished.

Vanquished Creatures (others)
  117 foxfires
117 creatures vanquished.

Grand Total: 159 creatures vanquished

Notes
Turn   | Place    | Note
-------+----------+-------------------------------------------
     0 | D:1      | graki42 the Deep Elf Fire Elementalist began the quest for
                  | the Orb.
     0 | D:1      | Reached XP level 1. HP: 10/10 MP: 6/6
   135 | D:1      | Reached XP level 2. HP: 15/15 MP: 4/8
   864 | D:1      | Reached XP level 3. HP: 10/19 MP: 2/9
   937 | D:1      | Learned a level 3 spell: Conjure Flame
   941 | D:1      | Learned a level 3 spell: Inner Flame
  1280 | D:2      | Found a burning altar of Makhleb.
  1896 | D:3      | Found a shadowy altar of Dithmenos.
  1933 | D:3      | Reached XP level 4. HP: 24/24 MP: 11/11
  1985 | D:3      | Reached skill level 4 in Fire Magic
  2104 | D:3      | Noticed Grinder
  2122 | D:3      | Killed from afar by Grinder

Illustrated notes

Levels and vault maps discovered:
D:1:      dpeg_arrival_arbitrary_c, layout_basic, st_stairs_5,
          minmay_split_cup_large
D:2:      layout_basic, old_standard_altar, small_statue_intersection
D:3:      cheibrodos_old_hovel, layout_basic, grunt_dithmenos_smoke,
          uniq_grinder

Skill      XL: |  1  2  3  4 |
---------------+-------------+-----
Stealth        | 3 |  3.0
Dodging        | 3 |  3.0
Conjurations   | 2 |  2.0
Fire Magic     | 4 |  4.0
Shields        | |  0.9
Spellcasting   | |  3.6

Action                   |  1- 3 |  4- 6 || total
-------------------------+-------+-------++-------
Melee: Unarmed           |     1 |       ||     1
       Dagger            |     2 |     7 ||     9
 Cast: Foxfire           |    63 |     5 ||    68
  Use: Scroll            |     5 |       ||     5
       Potion            |       |     1 ||     1
 Stab: Sleeping          |     1 |       ||     1
Armor: Robe              |     7 |     1 ||     8
Dodge: Dodged            |    24 |     6 ||    30
Block: Buckler           |       |     2 ||     2

Table legend: (Time is in decaauts)
 A = Elapsed time spent in this place.
 B = Non-inter-level travel time spent in this place.
 C = Inter-level travel time spent in this place.
 D = Time resting spent in this place.
 E = Time spent auto-exploring this place.
 F = Levels seen in this place.
 G = Mean time per level.
                   A        B        C        D        E       F      G
               +--------+--------+--------+--------+--------+-----+--------+
         Total |   2120 |   2101 |     19 |     57 |   1780 |   3 |  706.7 |
       Dungeon |   2120 |   2101 |     19 |     57 |   1780 |   3 |  706.7 |
               +--------+--------+--------+--------+--------+-----+--------+

Top non-repeatable levels by time:
     D:1: 1125 daAuts
     D:2: 768 daAuts
     D:3: 227 daAuts
